 Dungeon Crawl Stone Soup version 0.29.1-1-gd02db6906a (webtiles) character file.

Game seed: 10105993606171003382

8136 QueenGhuleh the Protected (level 11, -2/145 HPs)
             Began as a Minotaur Berserker on Sept 28, 2022.
             Was an Elder of Trog.
             Killed by nerve-wracking pain
             ... invoked by an orc priest
              (5 damage)
             ... on level 10 of the Dungeon.
             The game lasted 00:19:57 (10676 turns).

QueenGhuleh the Protected (Minotaur Berserker)     Turns: 10676, Time: 00:19:58

Health: -2/145     AC:  4    Str: 26    XL:     11   Next: 5%
Magic:  10/10      EV: 12    Int:  4    God:    Trog [****..]
Gold:   477        SH:  0    Dex: 16    Spells: 10/10 levels left

rFire   . . .      SeeInvis .   E - +0 halberd
rCold   + + .      Faith    .   (shield currently unavailable)
rNeg    . . .      Spirit   .   k - +0 chain mail
rPois   +          Reflect  .   (helmet restricted)
rElec   +          Harm     .   (no cloak)
rCorr   .          Rampage  .   (no gloves)
Will    .....                   (no boots)
Stlth   ..........              (no amulet)
HPRegen 0.34/turn               p - ring "Folacuh" {rElec rPois rC++ Dex+6}
MPRegen 0.12/turn               (no ring)

@: berserking (expiring), corroded, very quick
A: horns 2, retaliatory headbutt
a: Renounce Religion, Berserk, Trog's Hand, Brothers in Arms


You were on level 10 of the Dungeon.
You worshipped Trog.
Trog was greatly pleased with you.
You visited 1 branch of the dungeon, and saw 10 of its levels.

You collected 477 gold pieces.

Inventory:

Hand Weapons
 E - a +0 halberd (weapon)
Missiles
 l - 2 throwing nets (quivered)
Armour
 k - a +0 chain mail (worn)
Jewellery
 a - a ring of ice
 i - an amulet of guardian spirit
 p - the ring "Folacuh" (left hand) {rElec rPois rC++ Dex+6}
   (You found it on level 4 of the Dungeon)

   [ring of dexterity]

   Dex:       It affects your dexterity (+6).
   rC:        It greatly protects you from cold.
   rElec:     It insulates you from electricity.
   rPois:     It protects you from poison.
 r - a ring of poison resistance
 A - a ring of flight
 F - a ring of see invisible
Wands
 t - a wand of charming (14)
 G - a wand of roots (5)
Scrolls
 c - 2 scrolls of fear {unknown}
 d - 2 scrolls of immolation {unknown}
 f - 8 scrolls of identify {unknown}
 g - a scroll of vulnerability {unknown}
 h - a scroll of noise {unknown}
 j - 4 scrolls of teleportation {unknown}
 m - 2 scrolls of amnesia {unknown}
 n - 3 scrolls of enchant armour {unknown}
 s - 3 scrolls of torment {unknown}
 v - a scroll of magic mapping {unknown}
 w - a scroll of silence {unknown}
 y - 3 scrolls of poison {unknown}
 B - 2 scrolls of acquirement {unknown}
Potions
 b - 4 potions of heal wounds {unknown}
 e - a potion of lignification {unknown}
 o - 6 potions of curing {unknown}
 u - 2 potions of attraction {unknown}
 x - a potion of flight {unknown}
 z - 2 potions of might {unknown}
 C - a potion of berserk rage {unknown}


   Skills:
 + Level 9.0 Fighting
 + Level 8.7(10.9) Axes
 + Level 8.2(9.9) Maces & Flails
 + Level 6.2(8.4) Polearms
 + Level 11.5 Armour
 + Level 6.4 Dodging
 + Level 2.3 Stealth


You had 10 spell levels left.
You didn't know any spells.
Your spell library was empty.

Dungeon Overview and Level Annotations

Branches:
Dungeon (10/15)            Temple (0/1) D:6
   Lair: D:8-11         Orc: D:9-12

Altars:

Shops:
D:1 (   D:4 [   D:5 :

Annotations:
D:10 Maurice


Innate Abilities, Weirdness & Mutations

You have a pair of horns on your head.
You reflexively headbutt those who attack you in melee.


Message History

The orc priest hits you with a +0 club.
* * * LOW HITPOINT WARNING * * *
You slash something! Your headbutt misses something. Something hits you!
* * * LOW HITPOINT WARNING * * *
Something steals 1 of your 5 metallic pink potions!
The orc priest hits you with a +0 club.
* * * LOW HITPOINT WARNING * * *
You barely miss something. You hit something.
The orc priest casts a cantrip, but nothing happens.
Something hits you.
* * * LOW HITPOINT WARNING * * *
Something steals your lightning rod (4/4)!
You closely miss something. Your headbutt misses something.
The orc priest hits you but does no damage.
You hear a zap.
A puff of flame appears from out of thin air!
The puff of flame hits you.
* * * LOW HITPOINT WARNING * * *
You closely miss something. You miss something. You headbutt something.
The orc priest closely misses you. You furiously retaliate!
You headbutt the orc priest! Something hits you.
* * * LOW HITPOINT WARNING * * *
Something steals 1 of your 3 throwing nets!
You closely miss something. You miss something.
The orc priest hits you with a +0 club.
* * * LOW HITPOINT WARNING * * *
Something hits you.
* * * LOW HITPOINT WARNING * * *
Something steals your +0 war axe!
You miss something. You headbutt something.
The orc priest hits you with a +0 club.
* * * LOW HITPOINT WARNING * * *
You impale something!! You headbutt something.
The orc priest barely misses you. Something completely misses you.
You impale something!! Your headbutt misses something.
You closely miss something. Your headbutt misses something.
The orc priest invokes the aid of Beogh against you.
Pain shoots through your body!
You die...

#.# .## ##..###..#
#.......## #.#....:..
#.#....... #.#.....#
#####)#)....#
#.....@{....#
####.####o.[.<...
##..............#.
######.....###########
##.................
.............=...##
...###..##########
..###...# ##......#


You could see an orc priest.

Vanquished Creatures
  3 two-headed ogres
  A cyclops (D:8)
  2 trolls
  A hornet (D:9)
  A wyvern (D:9)
  6 yaks (D:9)
  2 steam dragons
  An acid dragon (D:10)
  2 water moccasins
  An orc warrior (D:10)
  2 black bears
  3 ogres
  3 ice beasts
  3 centaurs
  3 kobold brigands
  3 phantoms
  4 bullfrogs
  3 necrophages
  4 scorpions
  A gnoll sergeant (D:8)
  19 killer bees
  A howler monkey (D:9)
  A gnoll bouda (D:5)
  4 hounds
  3 jellies
  An orc priest (D:5)
  An iguana (D:6)
  3 orc wizards
  7 adders
  19 gnolls
  A white imp (D:7)
  2 ufetubi
  3 worms
  A dart slug (D:2)
  17 orcs
  3 ball pythons
  5 bats
  4 endoplasms
  2 giant cockroaches
  6 hobgoblins
  8 jackals
  15 kobolds
  2 quokkas
  4 frilled lizards
  7 goblins
  3 rats (D:1)
191 creatures vanquished.

Vanquished Creatures (others)
  An orc (D:10)
  A plant (D:4)
2 creatures vanquished.

Grand Total: 193 creatures vanquished

Notes
Turn   | Place    | Note
-------+----------+-------------------------------------------
     0 | D:1      | QueenGhuleh the Minotaur Berserker began the quest for the
                  | Orb.
     0 | D:1      | Reached XP level 1. HP: 19/19 MP: 0/0
    34 | D:1      | Found Qimanot's Weapon Shop.
   201 | D:1      | Reached XP level 2. HP: 17/27 MP: 1/1
   977 | D:1      | Reached XP level 3. HP: 33/33 MP: 2/2
  1337 | D:2      | Reached ** piety under Trog
  1838 | D:2      | Reached XP level 4. HP: 41/41 MP: 3/3
  1950 | D:2      | Found a faded altar of an unknown god.
  1978 | D:2      | Reached skill level 5 in Axes
  2595 | D:4      | Noticed a phantom
  2605 | D:4      | Killed a phantom
  2606 | D:4      | Reached skill level 3 in Armour
  2606 | D:4      | Reached XP level 5. HP: 38/47 MP: 4/4
  2694 | D:4      | Reached skill level 5 in Fighting
  2812 | D:4      | Reached XP level 6. HP: 52/56 MP: 5/5
  2948 | D:4      | Reached skill level 4 in Armour
  3062 | D:4      | Identified the ring "Folacuh" {rElec rPois rC++ Dex+6}
  3074 | D:4      | Reached XP level 7. HP: 41/61 MP: 6/6
  3869 | D:4      | Found Mekuk's Antique Armour Shop.
  3997 | D:5      | Entered Level 5 of the Dungeon
  3999 | D:5      | Reached skill level 5 in Armour
  4095 | D:5      | Reached skill level 6 in Armour
  4161 | D:5      | Reached XP level 8. HP: 13/70 MP: 7/7
  4652 | D:5      | Reached skill level 1 in Maces & Flails
  4802 | D:5      | Reached skill level 5 in Dodging
  4913 | D:5      | Found Hasure's Book Boutique.
  5208 | D:6      | Reached skill level 7 in Armour
  5307 | D:6      | Reached skill level 1 in Stealth
  5319 | D:6      | Found a staircase to the Ecumenical Temple.
  5331 | D:6      | Reached *** piety under Trog
  5826 | D:6      | Reached XP level 9. HP: 75/79 MP: 8/8
  6118 | D:7      | Reached skill level 5 in Maces & Flails
  7098 | D:7      | Reached skill level 8 in Armour
  8004 | D:8      | Noticed a two-headed ogre
  8010 | D:8      | Killed a two-headed ogre
  8011 | D:8      | Reached skill level 9 in Armour
  8011 | D:8      | Noticed a troll
  8015 | D:8      | Noticed a cyclops
  8019 | D:8      | Killed a troll
  8020 | D:8      | Reached XP level 10. HP: 15/88 MP: 9/9
  8021 | D:8      | HP: 1/132 [cyclops (15)]
  8022 | D:8      | Killed a cyclops
  8933 | D:9      | Reached skill level 1 in Polearms
  9133 | D:9      | Noticed a two-headed ogre
  9140 | D:9      | Killed a two-headed ogre
  9141 | D:9      | Reached skill level 10 in Armour
  9515 | D:9      | Paralysed by a hornet for 3 turns
  9693 | D:9      | Reached skill level 11 in Armour
 10098 | D:9      | Noticed a two-headed ogre
 10108 | D:9      | Killed a two-headed ogre
 10109 | D:9      | Reached skill level 5 in Polearms
 10111 | D:9      | Reached **** piety under Trog
 10353 | D:10     | Entered Level 10 of the Dungeon
 10361 | D:10     | Reached XP level 11. HP: 52/95 MP: 10/10
 10653 | D:10     | Noticed Maurice
 10672 | D:10     | HP: 7/145 [orc priest/+0 club (5)]
 10673 | D:10     | HP: 3/145 [orc priest/+0 club (3)]
 10676 | D:10     | Killed from afar by an orc priest

Illustrated notes

Levels and vault maps discovered:
D:1:      evilmike_arrival_hilbert_curve, layout_loops_ring, serial_shops,
          nicolae_shop_bloodbath_and_beyond, minmay_octomino_c4
D:2:      layout_basic, hellmonk_ecumenical_altar_crossroads
D:3:      minmay_octagon_keep, layout_rooms, uniq_robin
D:4:      layout_layer_cave, serial_shops, nicolae_shop_window_shopping,
          minmay_misc_feat_square, serial_bayou_pond_b
D:5:      layout_basic, serial_shops, nicolae_shop_hallway_plus
D:6:      layout_loops_ring, minmay_temple_entry_nine_rooms,
          minmay_misc_feat_iff
D:7:      layout_loops_ring, centaur_isle
D:8:      minmay_cornered_nines, layout_basic, hex_large,
          nicolae_figureground_pulse
D:9:      layout_rooms, kennysheep_cluttered_room, abandoned_shop,
          small_chamber_with_monster
D:10:     layout_rooms, nicolae_overflow_quartered_altars,
          minmay_lair_entry_grove, uniq_grum, uniq_maurice

Skill      XL: |  1  2  3  4  5  6  7  8  9 10 11 |
---------------+----------------------------------+-----
Fighting       | 4 5 6 7 8 9 |  9.0
Axes           | 4 5 6 7 8 |  8.7
Dodging        | 3 4 5 6 |  6.4
Armour         | 3 4 6 7 9 11 | 11.5
Maces & Flails | 4 7 8 |  8.2
Stealth        | 1 2 |  2.3
Polearms       | 5 6 |  6.2

Action                   |  1- 3 |  4- 6 |  7- 9 | 10-12 || total
-------------------------+-------+-------+-------+-------++-------
Melee: Hand axe          |    72 |    76 |    43 |       ||   191
       Headbutt          |    12 |    17 |    49 |    27 ||   105
       Punch             |       |       |     2 |       ||     2
       Flail             |       |       |   150 |       ||   150
       War axe           |       |       |    21 |     3 ||    24
       Halberd           |       |       |       |   127 ||   127
Invok: Berserk           |     1 |     1 |     4 |     5 ||    11
Evoke: Lightning rod     |       |       |       |     1 ||     1
 Stab: Sleeping          |       |       |     1 |       ||     1
Armor: Animal skin       |     7 |       |       |       ||     7
       Ring mail         |    12 |    22 |    99 |       ||   133
       Chain mail        |       |       |    37 |    57 ||    94
       Scale mail        |       |       |     4 |       ||     4
Dodge: Dodged            |    50 |    54 |   201 |   118 ||   423
